Map: King's Cove LE

Players

Stropheum - Winner!

  • Race: Zerg Zerg
  • League: Master
  • Spawn Location: 5:00

Vox

  • Race: Terran Terran
  • League: Master
  • Spawn Location: 11:00

VOD

Have the link to the VOD?

Description

Time

  • Played on: Feb. 22, 2019, 12:02 a.m.
  • Length: 7:44
Show
View Real Time Build Order
Export as new Build Order

Stropheum Zerg - Winner!

Build Orders: Hatch First 

Get SALT Encoding   

  12  0:01  Drone  
  13  0:13  Overlord  
  13  0:18  Drone  
  14  0:31  Drone x2  
  14  0:35  Drone  
  17  0:54  Hatchery  
  16  0:57  Drone  
  16  1:00  Drone  
  18  1:12  Extractor  
  18  1:17  Spawning Pool  
  16  1:19  Drone  
  16  1:22  Drone  
  18  1:29  Drone  
  19  1:39  Overlord  
  19  2:04  Zergling x4  
  19  2:06  Queen x2  
  19  2:07  Zergling x2  
  26  2:11  Drone  
  27  2:15  Metabolic Boost  
  27  2:18  Drone  
  27  2:22  Drone  
  29  2:28  Drone  
  30  2:45  Hatchery  
  30  2:51  Overlord, Drone  
  30  2:53  Drone  
  30  2:56  Drone  
  32  2:58  Drone  
  32  3:00  Drone  
  34  3:09  Queen  
  36  3:13  Overlord  
  36  3:19  Drone  
  38  3:20  Drone x2  
  38  3:23  Drone  
  41  3:27  Drone x2  
  41  3:31  Overlord  
  42  3:35  Overlord  
  42  3:38  Drone  
  43  3:45  Drone  
  43  3:46  Drone x2  
  46  3:56  Lair  
  46  4:02  Extractor  
  46  4:03  Extractor  
  44  4:12  Drone x8  
  52  4:21  Queen x2  
  56  4:25  Baneling Nest  
  56  4:26  Evolution Chamber  
  56  4:29  Drone x2  
  56  4:33  Overlord x2  
  56  4:43  Drone  
  56  4:44  Drone, Zergling x4  
  56  4:45  Zergling x6  
  63  4:54  Zerg Ground Armor Level 1  
  63  4:58  Overlord  
  63  4:59  Overlord  
  63  5:12  Baneling  
  63  5:13  Baneling x5  
  63  5:15  Overlord x2  
  63  5:16  Zergling x10  
  63  5:17  Zergling x2  
  63  5:20  Spore Crawler  
  68  5:25  Spore Crawler  
  68  5:26  Drone  
  68  5:30  Centrifical Hooks  
  68  5:36  Overseer  
  68  5:37  Spore Crawler  
  67  5:52  Baneling  
  67  5:53  Baneling x7, Zergling x2  
  67  5:54  Zergling x16  
  73  6:10  Pneumatized Carapace  
  73  6:11  Drone  
  74  6:13  Evolution Chamber  
  74  6:14  Drone  
  74  6:15  Drone x7  
  74  6:16  Drone  
  74  6:17  Drone  
  83  6:19  Drone  
  83  6:21  Drone  
  83  6:22  Overseer  
  85  6:28  Hydralisk Den  
  78  6:54  Baneling  
  78  6:55  Baneling x9  
  78  6:56  Zergling x24  
  78  6:57  Zergling x6  
  93  7:20  Overlord x3  
  93  7:21  Zergling x10  
Show
View Real Time Build Order
Export as new Build Order

Vox Terran 

Build Orders:  

Get SALT Encoding   

  12  0:01  SCV  
  13  0:14  SCV  
  14  0:21  Supply Depot  
  14  0:26  SCV  
  15  0:43  Barracks, SCV  
  15  0:47  Refinery  
  16  0:55  SCV  
  17  1:07  SCV  
  18  1:19  SCV  
  19  1:31  Orbital Command  
  20  1:32  Reaper  
  20  1:45  Command Center  
  20  1:58  Barracks  
  20  2:00  SCV  
  21  2:10  Supply Depot  
  21  2:11  Barracks Reactor  
  21  2:13  SCV  
  22  2:25  Refinery, SCV  
  23  2:41  Factory  
  23  2:45  SCV  
  23  2:51  Marine x2, Barracks Tech Lab  
  24  2:58  Orbital Command, SCV  
  27  3:10  Marine x3, SCV  
  31  3:14  Stimpack  
  31  3:22  SCV  
  31  3:26  Starport  
  32  3:28  Marine x2  
  32  3:31  SCV  
  35  3:37  SCV  
  36  3:43  SCV  
  37  3:48  Marine  
  37  3:49  Marine x2, SCV  
  37  3:52  Factory Reactor  
  41  3:55  SCV  
  41  4:00  Supply Depot  
  41  4:02  SCV  
  42  4:06  Marine  
  42  4:07  SCV  
  44  4:11  Starport Tech Lab  
  44  4:14  SCV  
  44  4:15  Supply Depot  
  45  4:18  Marine  
  45  4:22  Marine, SCV  
  48  4:25  Supply Depot  
  48  4:32  SCV  
  48  4:34  SCV  
  48  4:37  Marine x2  
  52  4:39  Medivac x2, Supply Depot  
  52  4:44  SCV  
  57  4:46  SCV  
  57  4:49  Marine  
  57  4:51  Siege Tank  
  62  4:56  SCV, Supply Depot  
  62  4:58  SCV  
  64  5:00  Marine x2  
  66  5:10  Marine, Engineering Bay  
  66  5:11  Engineering Bay  
  67  5:18  Marine  
  68  5:21  Combat Shield  
  68  5:23  Marine  
  68  5:25  Siege Tank  
  68  5:28  Marine  
  73  5:31  Refinery  
  73  5:33  Refinery  
  73  5:36  Marine  
  73  5:38  Command Center  
  73  5:39  Terran Infantry Weapons Level 1  
  74  5:43  SCV x2  
  76  6:02  Marine x3  
  81  6:08  SCV  
  81  6:09  SCV  
  80  6:13  Barracks  
  80  6:15  Barracks x2  
  80  6:18  Supply Depot  
  80  6:20  SCV  
  80  6:22  Siege Tank  
  80  6:23  Marine x2, Supply Depot  
  86  6:32  Marine  
  75  6:41  Marine x2  
  77  6:50  Marine  
  77  6:52  Medivac x2  
  77  6:53  Orbital Command  
  82  6:59  Marine x2  
  82  7:01  Siege Tank, Unknown  
  87  7:03  Barracks Reactor x3  
  87  7:06  SCV x2  
  89  7:16  Marine  
  90  7:23  Marine x2  
Tags
 
Add a new tag
Caveats
  • Supply blocks, unpowered buildings, or Contaminate may cause inaccurate times.
  • Supply counts are checked every 10 seconds.